Map: Frost LE

Players

ShoWTimE

  • Race: Protoss Protoss

HeroMarine - Winner!

  • Race: Terran Terran

Event: 2016 WCS Summer Circuit Championship (DH Montreal)

VOD

Have the link to the VOD?

Description

Time

  • Played on: Aug. 12, 2016, 1:57 p.m.
  • Length: 10:01

All games in this series

Show
View Real Time Build Order
Export as new Build Order

ShoWTimE Protoss 

Build Orders: 1 Gate Expand, Blink Stalkers 

Get SALT Encoding   

  12  0:00  Probe (Chrono Boost)  
  13  0:11  Probe (Chrono Boost)  
  14  0:17  Pylon  
  14  0:22  Probe (Chrono Boost)  
  16  0:35  Probe (Chrono Boost)  
  16  0:36  Gateway  
  16  0:44  Assimilator  
  16  0:46  Probe (Chrono Boost)  
  17  0:56  Probe (Chrono Boost)  
  18  1:07  Probe (Chrono Boost)  
  19  1:20  Nexus  
  19  1:30  Cybernetics Core  
  19  1:34  Probe (Chrono Boost)  
  19  1:39  Assimilator  
  20  1:44  Probe (Chrono Boost)  
  21  1:50  Pylon  
  21  1:55  Probe (Chrono Boost)  
  22  2:08  Adept  
  22  2:09  Mothership Core (Chrono Boost)  
  22  2:15  Warp Gate  
  26  2:27  Probe (Chrono Boost)  
  27  2:32  Probe (Chrono Boost)  
  28  2:37  Robotics Facility  
  28  2:38  Probe (Chrono Boost)  
  28  2:43  Probe (Chrono Boost)  
  30  2:48  Probe (Chrono Boost)  
  31  2:53  Twilight Council  
  31  2:55  Probe (Chrono Boost)  
  32  2:59  Probe (Chrono Boost)  
  33  3:06  Probe (Chrono Boost)  
  33  3:09  Probe (Chrono Boost)  
  35  3:16  Probe (Chrono Boost)  
  36  3:20  Probe (Chrono Boost)  
  36  3:23  Observer  
  38  3:28  Probe (Chrono Boost)  
  38  3:29  Gateway  
  38  3:30  Gateway  
  38  3:33  Probe (Chrono Boost)  
  37  3:42  Blink  
  37  3:43  Observer  
  37  3:45  Probe (Chrono Boost)  
  37  3:47  Assimilator  
  37  3:48  Probe (Chrono Boost)  
  40  3:49  Pylon  
  40  3:57  Probe (Chrono Boost)  
  40  4:00  Probe (Chrono Boost)  
  43  4:10  Probe (Chrono Boost)  
  43  4:12  Probe (Chrono Boost)  
  44  4:17  Nexus  
  43  4:27  Stalker  
  43  4:30  Stalker x2  
  49  4:33  Pylon  
  49  4:34  Probe x2 (Chrono Boost)  
  51  4:50  Nexus  
  51  4:52  Pylon  
  51  4:54  Stalker x2  
  51  4:59  Warp Prism, Stalker  
  58  5:17  Stalker x2  
  61  5:23  Probe (Chrono Boost)  
  61  5:29  Probe (Chrono Boost)  
  61  5:32  Immortal  
  61  5:35  Probe (Chrono Boost)  
  67  5:43  Probe (Chrono Boost)  
  67  5:46  Pylon  
  67  5:47  Probe (Chrono Boost)  
  67  5:48  Resonating Glaives  
  67  5:49  Sentry  
  70  6:07  Sentry, Gateway  
  70  6:08  Sentry, Gateway  
  70  6:10  Gateway  
  74  6:12  Immortal  
  78  6:22  Gateway  
  78  6:28  Gateway  
  78  6:34  Assimilator  
  78  6:35  Probe x2 (Chrono Boost)  
  80  6:41  Adept x2  
  86  6:47  Probe (Chrono Boost)  
  86  6:48  Probe x2 (Chrono Boost)  
  86  6:50  Immortal  
  86  6:52  Pylon  
  91  7:04  Dark Shrine  
  90  7:18  Adept  
  90  7:19  Adept x3  
  98  7:25  Adept  
  100  7:34  Pylon  
  100  7:37  Pylon  
  100  7:47  Immortal  
  100  7:49  Probe (Chrono Boost), Pylon  
  101  7:54  Adept x2  
  109  8:05  Adept x3  
  111  8:06  Adept  
  111  8:09  Pylon  
  111  8:10  Pylon  
  111  8:12  Pylon  
  115  8:22  Dark Templar  
  115  8:25  Probe (Chrono Boost), Immortal  
  115  8:26  Probe x2 (Chrono Boost)  
  124  8:35  Probe (Chrono Boost)  
  124  8:38  Probe x2 (Chrono Boost), Dark Templar  
  129  8:45  Pylon  
  127  8:57  Adept  
  127  9:00  Adept x3  
  127  9:01  Adept x3  
  139  9:14  Adept  
  139  9:16  Pylon  
  141  9:20  Pylon x2  
  141  9:30  Dark Templar  
  137  9:38  Adept x4  
  141  9:39  Adept x3  
Show
View Real Time Build Order
Export as new Build Order

HeroMarine Terran - Winner!

Build Orders: Reaper Expand, MMM Bio 

Get SALT Encoding   

  12  0:00  SCV  
  13  0:12  SCV  
  14  0:17  Supply Depot  
  14  0:24  SCV  
  15  0:28  Refinery  
  15  0:39  SCV  
  16  0:45  Barracks  
  16  0:51  SCV  
  17  1:03  SCV  
  18  1:15  SCV  
  19  1:32  Reaper, Orbital Command  
  20  1:43  Command Center  
  20  1:54  Factory  
  20  1:58  SCV  
  21  2:05  Barracks Reactor  
  21  2:06  Refinery  
  21  2:10  SCV  
  22  2:16  Supply Depot  
  22  2:22  SCV  
  23  2:37  Widow Mine  
  23  2:38  SCV  
  23  2:42  Starport, Marine  
  23  2:43  Marine  
  28  2:50  SCV  
  29  2:55  Orbital Command  
  29  3:01  Marine x2  
  29  3:02  SCV  
  32  3:07  Widow Mine  
  34  3:14  SCV  
  34  3:19  Marine x2  
  36  3:22  SCV  
  36  3:24  Medivac  
  36  3:26  SCV  
  40  3:35  SCV  
  40  3:37  Marine x2  
  40  3:38  SCV  
  44  3:45  Supply Depot  
  44  3:47  SCV  
  44  3:49  Factory Tech Lab  
  44  3:50  SCV  
  44  3:51  Barracks  
  44  3:55  Marine  
  46  4:06  Widow Mine, SCV x2, Marine, Medivac  
  46  4:08  Supply Depot  
  53  4:10  Engineering Bay  
  53  4:17  Marine  
  53  4:21  Liberator  
  54  4:30  Marine, SCV x2  
  57  4:34  Supply Depot, Marine  
  57  4:36  Factory Tech Lab  
  61  4:39  Barracks Tech Lab  
  61  4:42  SCV  
  62  4:48  Supply Depot  
  62  4:51  Supply Depot  
  62  4:56  Marine, Siege Tank, SCV x2  
  62  4:57  Stimpack  
  62  4:59  Bunker  
  68  5:04  Marine x2  
  70  5:10  SCV x2  
  70  5:13  Marine  
  68  5:22  Marine x2, SCV  
  68  5:24  SCV  
  69  5:31  Marine  
  69  5:32  Siege Tank  
  69  5:34  SCV  
  74  5:36  SCV  
  74  5:39  Starport Reactor  
  75  5:43  Barracks  
  75  5:44  Barracks  
  75  5:45  Refinery  
  75  5:46  Refinery, Barracks, SCV  
  75  5:47  Marine x2  
  75  5:49  Marine  
  77  6:03  Missile Turret  
  75  6:05  Missile Turret, Supply Depot, Marine x2  
  75  6:06  Terran Infantry Weapons Level 1  
  75  6:08  Marine, Siege Tank  
  81  6:16  Medivac  
  83  6:20  Supply Depot  
  83  6:22  Supply Depot  
  83  6:23  Marine  
  83  6:24  Medivac  
  86  6:30  Marine  
  86  6:31  Barracks Tech Lab, Barracks Reactor  
  86  6:34  Barracks Tech Lab  
  87  6:40  Supply Depot, Marine  
  87  6:41  Marauder  
  89  6:48  Marine  
  89  6:49  Siege Tank  
  89  6:52  Marauder  
  89  6:53  Marauder  
  97  6:58  Marine  
  98  7:03  Marauder  
  98  7:06  Marine  
  101  7:11  Supply Depot  
  101  7:13  Marine  
  101  7:15  Marine x2, Marauder  
  106  7:18  Medivac x2  
  110  7:23  Supply Depot  
  110  7:24  Supply Depot, Marine x2, Marauder  
  110  7:29  Concussive Shells  
  111  7:32  Marauder  
  111  7:33  Combat Shields, Marine x2  
  115  7:45  Marine x2, Marauder  
  115  7:48  Marine  
  115  7:51  Supply Depot, Marine  
  120  7:52  Marine  
  120  7:53  Marauder  
  124  8:03  Marine, Siege Tank  
  126  8:06  Marine x2, Marauder  
  126  8:07  Supply Depot  
  126  8:08  Supply Depot  
  126  8:09  Medivac  
  126  8:11  Medivac  
  134  8:13  Marine x2  
  134  8:14  Marine  
  137  8:21  Marine  
  137  8:24  Marine  
  137  8:25  Marauder  
  141  8:27  Marine  
  141  8:31  Marine x2  
  141  8:32  Marauder  
  146  8:39  Marine  
  147  8:42  Marine  
  147  8:45  Siege Tank  
  147  8:46  Marauder x2  
  155  8:49  Marine x2  
  155  8:54  Marauder  
  158  9:03  Marine  
  158  9:04  Missile Turret  
  158  9:07  Marauder  
  161  9:15  Marauder  
  158  9:17  Marine  
  158  9:24  Marine x2  
  158  9:26  Barracks Tech Lab, Siege Tank  
  158  9:28  Medivac  
Tags
 
Add a new tag
Caveats
  • Supply blocks, unpowered buildings, or Contaminate may cause inaccurate times.
  • Supply counts are checked every 10 seconds.